 Dungeon Crawl Stone Soup version 0.29-a0-997-gf6f7e2dfe7 (webtiles) character file.

Game seed: 1664664828912032345

795 quixfox the Digger (level 7, -6/36 HPs)
             Began as a Gargoyle Earth Elementalist on Aug 5, 2022.
             Shot with a bolt by an orc warrior (14 damage)
             ... on level 5 of the Dungeon.
             The game lasted 00:12:21 (4089 turns).

quixfox the Digger (Gargoyle Earth Elementalist)    Turns: 4089, Time: 00:12:21

Health: -6/36      AC:  9    Str: 11    XL:     7   Next: 89%
Magic:  14/14      EV: 11    Int: 26    God:
Gold:   262        SH:  0    Dex: 10    Spells: 5/15 levels left

rFire   + . .      SeeInvis .   a - +4 sling of Regicide {venom, Int+2}
rCold   . . .      Faith    .   (no shield)
rNeg    + . .      Spirit   .   m - +1 robe
rPois   ∞          Reflect  .   (no helmet)
rElec   +          Harm     .   g - scarf {rC+ rF+}
rCorr   .          Rampage  .   (no gloves)
Will    +....                   c - +1 pair of boots "Uxeg" {Drain rC- Will+ Regen+ Int+6}
Stlth   ++........              (no amulet)
HPRegen 0.92/turn               (no ring)
MPRegen 0.14/turn               (no ring)

@: no status effects
A: sickness immunity, AC +4, negative energy resistance 1, electricity
resistance, torment resistance 1, petrification resistance
a: no special abilities


You were on level 5 of the Dungeon.
You visited 1 branch of the dungeon, and saw 7 of its levels.
You also visited: Ossuary.

You collected 262 gold pieces.

Inventory:

Hand Weapons
 a - the +4 sling of Regicide (weapon) {venom, Int+2}
   (You found it on level 3 of the Dungeon)

   Any ammunition fired from it poisons the flesh of those it strikes.
   Int:       It affects your intelligence (+2).
 b - the +8 long sword "Zaufesoo" {freeze, Str+2 Dex+6}
   (You found it on level 3 of the Dungeon)

   It freezes those it strikes, dealing additional cold damage.
   It can also slow down cold-blooded creatures.
   Str:       It affects your strength (+2).
   Dex:       It affects your dexterity (+6).
Armour
 c - the +1 pair of boots "Uxeg" (worn) {Drain rC- Will+ Regen+ Int+6}
   (You acquired it on level 7 of the Dungeon)

   Int:       It affects your intelligence (+6).
   rC:        It makes you vulnerable to cold.
   Regen:     It increases your rate of health regeneration.
   Drain:     It drains your maximum health when unequipped.
   Will:      It increases your willpower.
 g - a scarf of resistance (worn)
 m - a +1 robe (worn)
Scrolls
 e - a scroll of enchant armour
 n - a scroll of enchant weapon
Potions
 h - 3 potions of heal wounds
 j - 3 potions of lignification
 k - 2 potions of curing
 l - a potion of resistance
 p - a potion of magic
 q - a potion of attraction {unknown}
 r - 6 potions of mutation
 s - 2 potions of might


   Skills:
 - Level 1.5 Dodging
 - Level 2.1 Stealth
 + Level 4.8 Spellcasting
 + Level 4.6 Conjurations
 - Level 0.7 Transmutations
 + Level 1.9 Fire Magic
 + Level 6.8 Earth Magic


You had 5 spell levels left.
You knew the following spells:

 Your Spells              Type           Power      Damage    Failure   Level
a - Sandblast             Erth           84%        2d18      1%          1
b - Passwall              Tmut/Erth      21%        N/A       2%          2
c - Stone Arrow           Conj/Erth      72%        3d11      2%          3
d - Flame Wave            Conj/Fire      23%        2d8       21%         4

Your spell library contained the following spells:

 Spells                   Type           Power      Damage    Failure   Level
 Foxfire                  Conj/Fire      92%        2x1d8     1%          1
 Beastly Appendage        Tmut           20%        N/A       6%          1
 Conjure Flame            Conj/Fire      23%        6-21      6%          3
 Slow                     Hex            24%        N/A       8%          1
 Wereblood                Tmut           10%        N/A       9%          2
 Inner Flame              Hex/Fire       11%        N/A       16%         3
 Petrify                  Tmut/Erth      26%        N/A       16%         4
 Spider Form              Tmut/Pois      8%         N/A       21%         3
 Confusing Touch          Hex            6%         N/A       24%         3
 Summon Guardian Golem    Hex/Summ       6%         N/A       24%         3
 Vampiric Draining        Necr           6%         2d6       24%         3
 Orb of Destruction       Conj           15%        9d7       100%        7
 Spellforged Servitor     Conj/Summ      9%         N/A       100%        7


Dungeon Overview and Level Annotations

Branches:
Dungeon (7/15)            Ossuary (visited)
 Temple: D:4-7

Altars:
Wu Jian

Shops:
D:3 =

Annotations:
D:4 3 runed translucent doors, Jackthecabe's ghost, amateur MfGl


Innate Abilities, Weirdness & Mutations

You are immune to sickness and miasma.
Your stone body is resilient. (AC +4)
You are immune to poison.
You resist negative energy. (rN+)
You are resistant to electric shocks. (rElec)
You are resistant to unholy torment.
You are immune to petrification.


Message History

The orc priest is severely wounded.
You hear a shout! x2
The blast of sand hits the orc priest!
You kill the orc priest!
An orc warrior comes into view.
It is wielding a +4 flail and wearing a +2 plate armour of fire resistance.
You shoot a sling bullet.
The sling bullet closely misses the orc warrior.
The orc warrior shouts!
The orc warrior unwields a +4 flail.
The orc warrior wields a +0 arbalest.
The orc warrior shoots a bolt.
The bolt barely misses you.
No target in view!
An orc wizard comes into view.
It is wielding a +0 dagger and wearing a +0 robe of fire resistance.
You shoot a sling bullet.
The sling bullet barely misses the orc wizard.
An orc comes into view. It is wielding a +0 club.
You shoot a sling bullet. The sling bullet hits the orc.
The orc is poisoned.
The orc is almost dead.
You kill the orc!
The blast of sand hits the orc warrior.
The orc warrior is lightly wounded.
The orc warrior shoots a bolt.
The bolt hits you!
The orc warrior shoots a bolt.
The bolt hits you!!
Ouch! That really hurt!
You are too injured to fight recklessly!
Unknown command.
Press: ? - help, v - describe, . - travel, g - get item
Here: an orc warrior, wielding a +0 arbalest and wearing a +2 plate armour of fire resistance (lightly wounded)
Items here: a +0 mace; a +0 ring mail; an orc corpse.
The floor.
Unknown command.
As you read the scroll of teleportation, it crumbles to dust.
You feel strangely unstable.
The orc warrior shoots a bolt.
The bolt barely misses you.
The orc warrior shoots a bolt.
The bolt barely misses you.
The orc warrior shoots a bolt.
The bolt hits you!
* * * LOW HITPOINT WARNING * * *
Your surroundings suddenly seem different.
An adder comes into view.
The orc warrior shoots a bolt.
The bolt hits you!
You die...

.#.#.#.##.######.
.#.#...##.# #.....)
.#.#...##.# #.#...
.#.#...##.# #.#)#.#
#.#..>##.######.oo...
#.#.##.........#
....##.######..#
##.#.##.# #..#
#.#.##.# #@.# #.#
#..# #.# #..# ...
#..# #.# #..# #..#
#.S# ....


You could see an orc warrior, an orc wizard and an adder (asleep).

Vanquished Creatures
  A black bear (D:4)
  A centaur (D:5)
  4 water moccasin zombies (Ossuary)
  3 hounds
  An orc priest (D:5)
  An iguana (D:5)
  2 orc wizards (D:4)
  2 mummies (Ossuary)
  5 adders
  A shadow imp (D:5)
  5 adder zombies (Ossuary)
  3 worms
  4 dart slugs
  4 orcs
  11 ball pythons
  8 bats
  9 endoplasms
  7 giant cockroaches
  6 goblins
  3 hobgoblins
  4 jackals (D:2)
  4 kobolds
  4 quokkas
  3 frilled lizards
  2 gnoll zombies (Ossuary)
  7 hobgoblin zombies (Ossuary)
  4 kobold zombies (Ossuary)
  3 orc zombies (Ossuary)
  6 rats
118 creatures vanquished.

Notes
Turn   | Place    | Note
-------+----------+-------------------------------------------
     0 | D:1      | quixfox the Gargoyle Earth Elementalist began the quest for
                  | the Orb.
     0 | D:1      | Reached XP level 1. HP: 10/10 MP: 3/3
   160 | D:1      | Reached XP level 2. HP: 15/15 MP: 3/5
   174 | D:1      | Reached skill level 4 in Earth Magic
   822 | D:1      | Reached XP level 3. HP: 19/19 MP: 3/6
   825 | D:1      | Learned a level 2 spell: Passwall
   829 | D:1      | Learned a level 3 spell: Stone Arrow
   936 | D:1      | Found a faded altar of an unknown god.
  1465 | D:2      | Reached skill level 1 in Conjurations
  1477 | D:2      | Reached XP level 4. HP: 24/24 MP: 2/8
  1978 | D:3      | Found Yschab's Jewellery Shop.
  2086 | D:3      | Reached skill level 5 in Earth Magic
  2086 | D:3      | Reached XP level 5. HP: 19/28 MP: 6/9
  2248 | D:3      | Identified the +4 sling of Regicide {venom, Int+2}
  2499 | D:3      | Identified the +8 long sword "Zaufesoo" {freeze, Str+2
                  | Dex+6}
  2905 | D:4      | Found a runed translucent gate.
  2905 | D:4      | Found a runed translucent gate.
  2905 | D:4      | Found a runed translucent gate.
  2906 | D:4      | Noticed Jackthecabe's ghost (amateur MfGl)
  2913 | D:4      | Identified the +7 short sword of Qafuariw {speed, Will+
                  | rCorr Str+3 Int-4}
  3013 | D:4      | Noticed a black bear
  3016 | D:4      | Reached XP level 6. HP: 31/32 MP: 7/11
  3038 | D:4      | Killed a black bear
  3117 | D:4      | Reached skill level 6 in Earth Magic
  3346 | D:4      | You fall into a shaft and drop 3 floors!
  3356 | D:7      | Identified a scroll of acquirement
  3356 | D:7      | Acquired the +1 pair of boots "Uxeg" {Drain rC- Will+
                  | Regen+ Int+6}
  3379 | D:5      | Entered Level 5 of the Dungeon
  3443 | D:5      | Reached XP level 7. HP: 22/36 MP: 9/13
  3505 | D:5      | Learned a level 4 spell: Flame Wave
  3517 | D:5      | Found a sand-covered staircase.
  3525 | Ossuary  | Entered an ossuary
  3608 | Ossuary  | Reached skill level 1 in Fire Magic
  3962 | D:5      | Found an ornate altar of the Wu Jian Council.
  4089 | D:5      | Shot with a bolt by an orc warrior

Illustrated notes

Levels and vault maps discovered:
D:1:      sevenhm_arrival_forest_fort_small_6, layout_rooms,
          hellmonk_ecumenical_altar_defaced_shrine, minivault_23
D:2:      layout_loops_cross
D:3:      layout_loops_ring, serial_shops, nicolae_shop_crystal
D:4:      layout_basic, biasface_ghost_orc_armoury, minmay_fountain_box
D:5:      layout_basic, mainiacjoe_overflow_alcove_2,
          chequers_ossuary_entry_cave, serial_shops, shop_statue,
          kb_lookout_dungeons_type
D:6:      old_forge, layout_basic, lemuel_zombie_altar_kikubaaqudgha,
          minmay_temple_entry_poolview, uniq_pikel
D:7:      layout_loops_ring, overflow_temple_1_default, enter_bailey_5,
          serial_shops, shop_fountains

Skill      XL: |  1  2  3  4  5  6  7 |
---------------+----------------------+-----
Earth Magic    | 4 5 6 |  6.8
Conjurations   | 1 2 3 4 |  4.6
Spellcasting   | 3 4 |  4.8
Fire Magic     | 1 |  1.9
Dodging        | |  1.5
Stealth        | |  2.1
Transmutations | |  0.7

Action                   |  1- 3 |  4- 6 |  7- 9 || total
-------------------------+-------+-------+-------++-------
Melee: Long sword        |       |     8 |       ||     8
 Fire: Sling             |       |    26 |     8 ||    34
 Cast: Sandblast         |    63 |    55 |    53 ||   171
  Use: Potion            |       |     2 |       ||     2
       Scroll            |       |    10 |     5 ||    15
Armor: Robe              |    10 |    23 |    30 ||    63
Dodge: Dodged            |    20 |    24 |    22 ||    66

Table legend: (Time is in decaauts)
 A = Elapsed time spent in this place.
 B = Non-inter-level travel time spent in this place.
 C = Inter-level travel time spent in this place.
 D = Time resting spent in this place.
 E = Time spent auto-exploring this place.
 F = Levels seen in this place.
 G = Mean time per level.
                   A        B        C        D        E       F      G
               +--------+--------+--------+--------+--------+-----+--------+
         Total |   4271 |   4212 |     59 |    362 |   2797 |   8 |  533.9 |
       Dungeon |   3863 |   3804 |     59 |    143 |   2797 |   7 |  551.9 |
       Ossuary |    408 |    408 |      0 |    219 |      0 |   1 |  408.0 |
               +--------+--------+--------+--------+--------+-----+--------+

Top non-repeatable levels by time:
     D:1: 1057 daAuts
     D:2: 904 daAuts
     D:3: 828 daAuts
     D:4: 680 daAuts
 Ossuary: 408 daAuts
     D:5: 359 daAuts
     D:7: 27 daAuts
     D:6: 4 daAuts
